 Dungeon Crawl Stone Soup version 0.23.2-40-g277498a001 (webtiles) character file.

Game seed: 429755839556511033

110742 FantasticalWhimsy the Brawler (level 16, -17/131 HPs)
             Began as a Demonspawn Assassin on Aug 17, 2019.
             Was the Champion of Makhleb.
             Demolished by an ettin
             ... wielding a +0 dire flail
              (18 damage)
             ... on level 14 of the Dungeon.
             The game lasted 01:32:15 (31399 turns).

FantasticalWhimsy the Brawler (DsAs)               Turns: 31399, Time: 01:32:16

Health: -17/131    AC: 20    Str: 21 (22) XL:     16   Next: 7%
Magic:  0/27       EV: 12    Int: 14      God:    Makhleb [******]
Gold:   734        SH:  0    Dex: 13 (14) Spells: 15/15 levels left

rFire    + . .     SeeInvis +     - Unarmed
rCold    . . .     Gourm    .   (no shield)
rNeg     . . .     Faith    .   b - +2 plate armour {MR+}
rPois    .         Spirit   +   (helmet unavailable)
rElec    .         Reflect  .   m - +2 cloak
rCorr    .         Harm     .   (no gloves)
MR       ++...                  (boots unavailable)
Stlth    +.........             u - amulet of guardian spirit
HPRegen  0.31/turn              S - +4 ring of evasion
MPRegen  0.20/turn              i - ring of protection from fire

@: no status effects
A: antennae 3, claws 1, talons 3, clever 1, deterioration 1, nightstalker 3,
spiny 2, strong 1
a: Minor Destruction, Lesser Servant of Makhleb, Major Destruction, Greater
Servant of Makhleb, Renounce Religion


You were on level 14 of the Dungeon.
You worshipped Makhleb.
Makhleb was exalted by your worship.
You were not hungry.

You visited 4 branches of the dungeon, and saw 24 of its levels.
You also visited: Ice Cave.

You collected 2032 gold pieces.
You spent 1298 gold pieces at shops.

Inventory:

Missiles
 w - 14 poisoned needles
Armour
 b - a +2 plate armour of magic resistance (worn)
   (You bought it in a shop on level 2 of the Orcish Mines)
 m - a +2 cloak (worn)
   (You found it on level 14 of the Dungeon)
 p - a +0 shield
   (You bought it in a shop on level 2 of the Orcish Mines)
Jewellery
 g - an uncursed ring of ice
   (You found it on level 14 of the Dungeon)
 i - a ring of protection from fire (right claw)
   (You found it on level 6 of the Dungeon)
 u - an amulet of guardian spirit (around neck)
   (You took it off a kobold on level 2 of the Dungeon)
 x - an uncursed ring of magical power
   (You found it on level 5 of the Lair of Beasts)
 A - a cursed ring of teleportation
   (You found it on level 15 of the Dungeon)
 C - an uncursed ring of resist corrosion
   (You found it on level 3 of the Lair of Beasts)
 H - an uncursed ring of positive energy
   (You found it on level 9 of the Dungeon)
 S - a +4 ring of evasion (left claw)
   (You found it on level 1 of the Lair of Beasts)
Wands
 c - a wand of disintegration (44)
   (You found it on level 7 of the Dungeon)
 d - a wand of iceblast (13)
   (You found it on level 8 of the Dungeon)
 h - a wand of polymorph (28)
   (You found it on level 6 of the Dungeon)
 o - a wand of enslavement (7)
   (You found it on level 5 of the Dungeon)
 t - a wand of flame (79)
   (You found it on level 3 of the Lair of Beasts)
 v - a wand of digging (5)
   (You found it on level 4 of the Lair of Beasts)
Scrolls
 a - 8 scrolls of identify {@r1}
 j - 2 scrolls of summoning
 l - 10 scrolls of remove curse {@r2}
 y - a scroll of enchant weapon
 z - a scroll of holy word {!r}
 D - 5 scrolls of teleportation {@r4}
 P - 4 scrolls of immolation {!r}
 V - 2 scrolls of fog
Potions
 k - 5 potions of flight
 n - 5 potions of brilliance
 r - 2 potions of lignification {!q}
 s - 6 potions of curing {@q1}
 F - 2 potions of might
 I - 3 potions of mutation {!q}
 J - 2 potions of cancellation
 K - a potion of haste {@q3}
 N - a potion of agility
 Q - a potion of berserk rage
Miscellaneous
 B - a phantom mirror
Comestibles
 e - 33 rations {!d}
 q - 6 chunks of flesh


   Skills:
 + Level 13.4 Fighting
   Level 1.7 Short Blades
 - Level 1.7 Throwing
 + Level 11.7 Armour
 - Level 3.1 Dodging
 - Level 3.6 Stealth
 * Level 5.8 Shields
 * Level 15.9 Unarmed Combat
 - Level 15.0 Invocations


You had 15 spell levels left.
You didn't know any spells.
Your spell library contained the following spells:

 Spells                   Type           Power        Failure   Level  Hunger
 Confusing Touch          Hex            #.....       98%         1    ##.....
 Corona                   Hex            #......      98%         1    ##.....
 Summon Small Mammal      Summ           #...         98%         1    ##.....
 Call Imp                 Summ           #.......     99%         2    ###....
 Slow                     Hex            #.......     99%         2    ###....
 Call Canine Familiar     Summ           #.......     100%        3    ####...
 Confuse                  Hex            #.......     100%        3    ####...
 Gell's Gravitas          Tloc           #.........   100%        3    ####...
 Inner Flame              Hex/Fire       #.......     100%        3    ####...
 Portal Projectile        Hex/Tloc       #.....       100%        3    ####...
 Summon Guardian Golem    Hex/Summ       #.......     100%        3    ####...
 Cause Fear               Hex            #.........   100%        4    #####..
 Leda's Liquefaction      Hex/Erth       #.........   100%        4    #####..
 Petrify                  Tmut/Erth      #.......     100%        4    #####..
 Summon Ice Beast         Ice/Summ       #.......     100%        4    #####..
 Summon Lightning Spire   Summ/Air       #.......     100%        4    #####..
 Bolt of Magma            Conj/Fire/Erth #.........   100%        5    ######.
 Iskenderun's Battlesphe  Conj/Chrm      #.......     100%        5    ######.
 Metabolic Englaciation   Hex/Ice        #.........   100%        5    ######.
 Silence                  Hex/Air        #.........   100%        5    ######.
 Venom Bolt               Conj/Pois      #.........   100%        5    ######.
 Yara's Violent Unravell  Hex/Tmut       #.........   100%        5    ######.
 Deflect Missiles         Chrm/Air       #.........   100%        6    #######
 Iron Shot                Conj/Erth      #.........   100%        6    #######
 Orb of Destruction       Conj           #.........   100%        7    #######
 Spellforged Servitor     Conj/Summ      #.........   100%        7    #######
 Discord                  Hex            #.........   100%        8    #######


Dungeon Overview and Level Annotations

Branches:
Dungeon (15/15)            Temple (1/1) D:4            Lair (6/6) D:8
 Shoals (0/4) Lair:2       Spider (0/4) Lair:4        Slime (0/5) Lair:5
    Orc (2/2) D:9             Elf (0/3) Orc:2        Vaults (0/5) D:14
 Depths (0/5) D:15

Altars:
Ashenzari
Cheibriados
Dithmenos
Elyvilon
Fedhas
Gozag
Hepliaklqana
Kikubaaqudgha
Makhleb
Nemelex Xobeh
Okawaru
Qazlal
Ru
Sif Muna
Trog
Uskayaw
Vehumet
Wu Jian
Xom
Yredelemnul
Zin
The Shining One

Shops:
D:14 *   Orc:2 *[:(

Annotations:
D:3 1 runed translucent door, raetorn's ghost, amateur FoFi
D:11 1 runed translucent door, Ananasrisotto's ghost, journeyman DsBe
Orc:1 Erolcha


Innate Abilities, Weirdness & Mutations

You have a pair of large antennae on your head. (SInv)
You have sharp fingernails.
You have claws for feet.
You are completely attuned to the shadows.
You are mostly covered in sharp spines.
Your mind is acute. (Int +2)
Your body sometimes deteriorates upon taking damage.
Your muscles are strong. (Str +2)


Message History

You miss the hornet. You claw the hornet. The hornet barely misses you.
You closely miss the hornet. Your kick misses the hornet.
The hornet is struck by your spines. The hornet closely misses you.
You scratch the hornet but do no damage.
Your kick misses the hornet.
The hornet stings you but does no damage.
An ettin comes into view.
It is wielding a +0 dire flail and a +2 great mace of holy wrath.
The ettin shouts in stereo!
You scratch the hornet but do no damage.
Your kick misses the hornet.
You hear a horrible gurgling sound!
The hornet is struck by your spines.
You kill the hornet!
Makhleb accepts your kill.
You feel better.
A yaktaur captain comes into view. It is wielding a +0 flail.
The ettin hits you but does no damage. x2
You mangle the ettin!! You claw the ettin! You barely miss the ettin.
You claw the ettin, but do no damage. The ettin hits you but does no damage.
The ettin hits you with a +2 great mace of holy wrath!!
You convulse!!
Your body deteriorates!
You feel clumsy.
The yaktaur captain hits you with a +0 flail!
The yaktaur captain unwields a +0 flail.
The yaktaur captain wields a +0 arbalest.
The yaktaur captain shoots a bolt.
The bolt hits you!!
* * * LOW HITPOINT WARNING * * *
There is an open door, spattered with blood here.
You see here a bolt.
There is an open door here.
There is an escape hatch in the ceiling here.
Really go through this one-way escape hatch?
A mysterious force pulls you upwards. The hatch slams shut behind you.
The ettin is struck by your spines. The ettin hits you but does no damage.
The ettin hits you with a +2 great mace of holy wrath!!
* * * LOW HITPOINT WARNING * * *
You convulse!
* * * LOW HITPOINT WARNING * * *
There is a stone staircase leading up here.
As you read the scroll of fear, it crumbles to dust.
You assume a fearsome visage.
The ettin looks frightened!
The ettin begs for mercy.
The ettin screams, "Help!"
The ettin seems to regain its courage.
You eviscerate the ettin!!!
The ettin hits you with a +0 dire flail!!!
* * * LOW HITPOINT WARNING * * *
The ettin hits you with a +2 great mace of holy wrath!!
You die...

#........# #.#
#........# #.#
#........# #.#
#........# #.#
#..>.....# #.#
#........# #.#
#........# #.#
#........#########.#
.............<.C@..#
####################


You could see an ettin.

Vanquished Creatures
  2 tengu reavers
  A stone giant (Orc:2)
  Nessos (Lair:5)
  2 very ugly things (D:15)
  3 ettins
  A fire dragon (D:15)
  A yaktaur captain (D:15)
  A vault guard (D:14)
  An ice dragon (D:15)
  9 hydras
  8 two-headed ogres
  2 catoblepae
  9 centaur warriors
  4 tengu warriors
  An ogre mage (D:15)
  Urug (Orc:2)
  2 deep troll earth magi
  Sonja (Lair:1)
  A fire crab (D:15)
  4 unseen horrors
  2 deep elf archers (D:15)
  4 phantasmal warriors
  A necromancer (IceCv)
  Pikel (D:9)
  2 deep elf magi (D:15)
  4 orc knights
  An orc sorcerer (Orc:1)
  A wolf spider (Lair:6)
  4 ugly things
  An orb spider (shapeshifter) (D:12)
  11 cyclopes
  4 manticores
  16 elephants
  2 centaur zombies (D:15)
  3 ice statues (IceCv)
  2 black mambas
  A gargoyle (D:12)
  A freezing wraith (D:15)
  2 rime drakes
  16 spiny frogs
  An efreet (D:14)
  6 komodo dragons
  8 ice devils (IceCv)
  A redback zombie (D:15)
  A queen bee (shapeshifter) (D:15)
  4 trolls
  9 polar bears (Lair:6)
  2 hornets (D:15)
  A raiju (shapeshifter) (D:15)
  14 slime creatures
  A raiju (Lair:6)
  5 blink frogs
  A hippogriff (shapeshifter) (D:14)
  10 hippogriffs
  5 dream sheep (Lair:6)
  A centaur simulacrum (D:15)
  4 shadows
  A vampire (D:14)
  2 redbacks (Lair:4)
  3 wraiths
  7 basilisks
  A wyvern (Lair:3)
  10 humans (D:14)
  A human (shapeshifter) (D:15)
  5 vampire mosquitoes
  2 hungry ghosts
  19 yaks
  2 steam dragons
  Menkaure (D:4)
  6 wargs (Lair:6)
  2 soldier ants
  2 acid dragons
  14 water moccasins
  6 porcupines
  14 hell hounds (Lair:6)
  A swamp drake (D:9)
  2 phantoms
  4 eyes of draining
  8 ice beasts
  9 ogres
  3 sky beasts
  3 slaves (D:9)
  3 necrophages
  20 orc warriors
  12 black bears
  18 centaurs
  A wolf (shapeshifter) (D:13)
  19 wolves
  8 crocodiles
  4 big kobolds
  21 bullfrogs
  A gnoll sergeant (D:6)
  16 killer bees
  8 wights
  2 electric eels (Lair:5)
  A howler monkey (D:4)
  5 draconian simulacra (IceCv)
  4 bullfrog zombies
  11 crimson imps
  7 jellies
  3 quasits
  5 hounds
  3 bullfrog skeletons
  16 orc priests
  4 centaur skeletons
  17 orc wizards
  4 iguanas
  10 worker ants
  3 troll simulacra (IceCv)
  7 hell rats (Lair:6)
  2 hound zombies
  2 worker ant zombies
  3 gnolls (D:6)
  A howler monkey skeleton (D:10)
  10 adders
  2 ogre simulacra (IceCv)
  5 shadow imps
  12 white imps (Orc:2)
  An adder zombie (D:9)
  6 oozes
  2 adder skeletons
  A worm (D:6)
  4 dart slugs
  4 leopard geckos
  74 orcs
  2 bats (D:1)
  4 giant cockroaches
  5 goblins
  3 hobgoblins
  26 jackals
  5 quokkas
  4 frilled lizards
  2 gnoll zombies (D:7)
  19 kobolds
  A quokka zombie (D:6)
  3 rats
772 creatures vanquished.

Vanquished Creatures (collateral kills)
  5 elephants (Lair:6)
  A spiny frog (Lair:6)
  3 blink frogs (Lair:6)
  A hippogriff (Lair:6)
  2 yaks (Lair:6)
  A basilisk (Lair:6)
  2 crocodiles (Lair:6)
  An orc priest (D:9)
  An orc wizard (D:9)
  A fungus (Lair:6)
18 creatures vanquished.

Vanquished Creatures (others)
  A vault guard (D:14)
  A slave (D:9)
  A centaur (D:10)
  A hound (D:9)
  3 bushes (Lair:6)
  23 fungi
  24 plants
54 creatures vanquished.

Grand Total: 844 creatures vanquished

Notes
Turn   | Place    | Note
-------+----------+-------------------------------------------
     0 | D:1      | FantasticalWhimsy the Demonspawn Assassin began the quest
                  | for the Orb.
     0 | D:1      | Reached XP level 1. HP: 16/16 MP: 1/1
   124 | D:1      | Reached skill level 1 in Dodging
   351 | D:1      | Gained mutation: You are partially covered in sharp spines.
                  | [demonic ancestry]
   351 | D:1      | Reached XP level 2. HP: 22/23 MP: 2/2
   769 | D:1      | Reached XP level 3. HP: 29/29 MP: 3/3
  1489 | D:2      | Gained mutation: You are slightly more attuned to the
                  | shadows. [demonic ancestry]
  1489 | D:2      | Reached XP level 4. HP: 33/37 MP: 4/4
  1706 | D:2      | You fall through a shaft for 2 floors!
  1716 | D:4      | Found a glowing silver altar of Zin.
  1730 | D:4      | Found a staircase to the Ecumenical Temple.
  1754 | D:4      | Reached skill level 1 in Armour
  1768 | Temple   | Entered the Ecumenical Temple
  1959 | Temple   | Became a worshipper of Makhleb the Destroyer
  2026 | D:4      | Reached skill level 1 in Invocations
  2026 | D:4      | Gained mutation: You have sharp fingernails. [demonic
                  | ancestry]
  2026 | D:4      | Reached XP level 5. HP: 28/43 MP: 3/5
  2213 | D:4      | Noticed a phantom
  2250 | D:4      | Killed a phantom
  2250 | D:4      | Reached skill level 1 in Unarmed Combat
  2250 | D:4      | Gained mutation: You have sharp toenails. [demonic
                  | ancestry]
  2250 | D:4      | Reached XP level 6. HP: 38/50 MP: 4/7
  2733 | D:2      | Found a blossoming altar of Fedhas.
  2809 | D:3      | Noticed raetorn's ghost (amateur FoFi)
  2815 | D:3      | Found a runed translucent door.
  3376 | D:4      | Noticed Menkaure
  3489 | D:4      | Found a bloodstained altar of Trog.
  3780 | D:4      | Gained mutation: You evolve. [potion of mutation]
  3780 | D:4      | Gained mutation: You tend to lose your temper in combat.
                  | [potion of mutation]
  3780 | D:4      | Gained mutation: Your muscles are strong. (Str +2) [potion
                  | of mutation]
  3780 | D:4      | Gained mutation: You have a pair of small horns on your
                  | head. [potion of mutation]
  3784 | D:4      | Killed Menkaure
  3784 | D:4      | Reached skill level 5 in Fighting
  3902 | D:4      | Gained mutation: You have razor-sharp toenails. [evolution]
  4023 | D:4      | Found a glowing silver altar of Zin.
  4237 | D:4      | Found a bloodstained altar of Trog.
  4541 | D:5      | Entered Level 5 of the Dungeon
  4659 | D:5      | Gained mutation: You are significantly more attuned to the
                  | shadows. [demonic ancestry]
  4659 | D:5      | Reached XP level 7. HP: 56/56 MP: 9/9
  4763 | D:5      | Lost mutation: You tend to lose your temper in combat.
                  | [evolution]
  4792 | D:5      | Got a faintly glowing war axe
  5286 | D:6      | Reached * piety under Makhleb
  5307 | D:6      | Found a radiant altar of Vehumet.
  5753 | D:6      | Mutation became permanent: You have sharp toenails.
                  | [demonic ancestry]
  5753 | D:6      | Gained mutation: You have razor-sharp toenails. [demonic
                  | ancestry]
  5753 | D:6      | Reached XP level 8. HP: 51/64 MP: 9/11
  5968 | D:6      | Gained mutation: Your mind is acute. (Int +2) [evolution]
  6182 | D:7      | Reached skill level 5 in Invocations
  6282 | D:7      | Reached skill level 5 in Unarmed Combat
  6324 | D:7      | Found an ornate altar of the Wu Jian Council.
  6397 | D:7      | Found a basalt altar of Yredelemnul.
  6519 | D:8      | Found a hazy altar of Hepliaklqana.
  7061 | D:8      | Found a staircase to the Lair.
  7068 | D:8      | Lost mutation: You have a pair of small horns on your head.
                  | [demonic ancestry]
  7068 | D:8      | Gained mutation: You have a pair of small antennae on your
                  | head. [demonic ancestry]
  7068 | D:8      | Reached XP level 9. HP: 65/71 MP: 10/13
  7082 | D:8      | Reached ** piety under Makhleb
  7648 | D:8      | Found a bloodstained altar of Trog.
  8343 | D:9      | Noticed a troll
  8371 | D:9      | Killed a troll
  8374 | D:9      | Noticed a two-headed ogre
  8611 | D:9      | Got a pair of distressingly furry boots
  8612 | D:9      | Identified the +2 pair of boots "Worof" {rC+} (You found it
                  | on level 9 of the Dungeon)
  8691 | D:9      | Got a shimmering robe
  8692 | D:9      | Identified the cursed +1 robe "Eschod" {rPois rN++ Int+8
                  | Dex-5} (You found it on level 9 of the Dungeon)
  8705 | D:9      | Got an ancient trident
  8845 | D:9      | Noticed Pikel
  8878 | D:9      | Killed Pikel
  8878 | D:9      | Reached skill level 5 in Armour
  8878 | D:9      | Gained mutation: You are completely attuned to the shadows.
                  | [demonic ancestry]
  8878 | D:9      | Reached XP level 10. HP: 79/79 MP: 15/15
  9371 | D:9      | Found a glowing golden altar of the Shining One.
  9377 | D:9      | Killed a two-headed ogre
  9931 | D:9      | Reached *** piety under Makhleb
  9981 | D:10     | Entered Level 10 of the Dungeon
  9985 | D:10     | Found a bloodstained altar of Trog.
 11054 | D:10     | Reached **** piety under Makhleb
 11199 | D:10     | Found an iron altar of Okawaru.
 11265 | D:10     | Reached XP level 11. HP: 87/87 MP: 15/18
 11695 | D:11     | Reached skill level 10 in Invocations
 11807 | D:11     | Noticed an unseen horror
 11817 | D:11     | Killed an unseen horror
 11817 | D:11     | Reached skill level 10 in Unarmed Combat
 11898 | D:11     | Gained mutation: Your body sometimes deteriorates upon
                  | taking damage. [evolution]
 11898 | D:11     | Lost mutation: You evolve. [end of evolution]
 12073 | D:11     | Found a runed translucent door.
 12074 | D:11     | Noticed Ananasrisotto's ghost (journeyman DsBe)
 12149 | D:12     | Noticed a centaur warrior
 12150 | D:12     | Noticed a tengu warrior
 12151 | D:12     | Noticed a red ugly thing
 12152 | D:12     | Found a large runed translucent door.
 12155 | D:12     | Killed a centaur warrior
 12176 | D:12     | Noticed an orb spider
 12176 | D:12     | a polar bear changed into an orb spider
 12185 | D:12     | Killed an orb spider
 12188 | D:12     | Killed a tengu warrior
 12194 | D:12     | Killed a red ugly thing
 12393 | D:12     | Found a large runed translucent door.
 12413 | D:12     | Noticed a purple ugly thing
 12421 | D:12     | Killed a purple ugly thing
 12487 | D:12     | Noticed a four-headed hydra
 12629 | D:12     | Killed a four-headed hydra
 12713 | D:12     | Noticed a two-headed ogre
 12719 | D:12     | Killed a two-headed ogre
 12835 | D:12     | Noticed an unseen horror
 12846 | D:12     | Killed an unseen horror
 12846 | D:12     | Gained mutation: You have a pair of antennae on your head.
                  | [demonic ancestry]
 12846 | D:12     | Reached XP level 12. HP: 97/97 MP: 18/20
 13001 | Lair:1   | Entered Level 1 of the Lair of Beasts
 13224 | Lair:1   | Got a shimmering robe
 13234 | Lair:1   | Noticed Sonja
 13236 | Lair:1   | Killed Sonja
 13561 | Lair:1   | Identified a scroll of acquirement
 13626 | Lair:1   | Got a heavily runed jade ring
 13646 | Lair:1   | Identified the cursed ring "Veihem" {*Slow rN+++ MP+9 Int-4
                  | Dex-5} (You found it on level 1 of the Lair of Beasts)
 14201 | Lair:2   | Reached skill level 10 in Fighting
 14349 | Lair:2   | Found a staircase to the Shoals.
 14397 | Lair:2   | Noticed a seven-headed hydra
 14403 | Lair:2   | Killed a seven-headed hydra
 15882 | Lair:3   | Reached ***** piety under Makhleb
 16583 | Lair:4   | Found a basalt altar of Yredelemnul.
 16846 | Lair:4   | Noticed a six-headed hydra
 16853 | Lair:4   | Killed a six-headed hydra
 16853 | Lair:4   | Gained mutation: You have claws for feet. [demonic
                  | ancestry]
 16853 | Lair:4   | Reached XP level 13. HP: 82/104 MP: 16/22
 16864 | Lair:4   | Got a pitted scale mail
 17263 | Lair:4   | Found a hole to the Spider Nest.
 17869 | Lair:5   | Noticed Nessos
 17968 | Lair:5   | Killed Nessos
 18641 | Lair:5   | Found a staircase to the Slime Pits.
 18897 | Lair:6   | Entered Level 6 of the Lair of Beasts
 19007 | Lair:6   | Got a faintly glowing ring mail
 19008 | Lair:6   | Identified the +3 ring mail "Huenor" {rElec rPois rF- SInv}
                  | (You found it on level 6 of the Lair of Beasts)
 19859 | Lair:6   | Gained mutation: You have a pair of large antennae on your
                  | head. (SInv) [demonic ancestry]
 19859 | Lair:6   | Reached XP level 14. HP: 114/114 MP: 24/24
 20343 | Lair:6   | Reached skill level 10 in Armour
 20459 | Lair:6   | Reached ****** piety under Makhleb
 21031 | D:9      | Found a staircase to the Orcish Mines.
 21928 | D:12     | Noticed a tengu reaver
 21951 | D:12     | Killed a tengu reaver
 22172 | D:12     | Found a white marble altar of Elyvilon.
 22175 | D:12     | Found a sacrificial altar of Ru.
 22389 | D:13     | Noticed a tengu reaver
 22797 | Orc:1    | Entered Level 1 of the Orcish Mines
 23213 | Orc:2    | Entered Level 2 of the Orcish Mines
 23451 | Orc:2    | Found Bonean's Book Shop.
 23476 | Orc:2    | Found a frozen archway.
 23508 | IceCv    | Entered an ice cave
 24320 | IceCv    | Got a pitted buckler
 24328 | IceCv    | Identified the +4 buckler of Zerio {MR- Regen+ Str+2} (You
                  | found it in an ice cave)
 24409 | Orc:2    | Found a staircase to the Elven Halls.
 24430 | Orc:2    | Found Gojyipob's Antique Weapon Shop.
 24430 | Orc:2    | Noticed a stone giant
 24446 | Orc:2    | Killed a stone giant
 24677 | Orc:2    | Noticed Urug
 24686 | Orc:2    | Killed Urug
 24866 | Orc:2    | Found Magakici's Antique Armour Emporium.
 24898 | Orc:2    | Bought a shield for 162 gold pieces
 25205 | Orc:1    | Noticed Erolcha
 25619 | Orc:2    | Found Keneaw's General Store.
 26327 | D:13     | Killed a tengu reaver
 26327 | D:13     | Reached XP level 15. HP: 39/122 MP: 3/26
 26758 | D:13     | Reached skill level 15 in Invocations
 27199 | D:13     | Reached skill level 15 in Unarmed Combat
 27509 | D:13     | Reached skill level 1 in Shields
 28146 | Orc:2    | Bought a glowing plate armour for 936 gold pieces
 28345 | D:14     | Found Vyru's Assorted Antiques.
 28437 | D:14     | Bought a potion of haste for 200 gold pieces
 28946 | D:14     | Found a gate to the Vaults.
 29261 | D:15     | Entered Level 15 of the Dungeon
 29411 | D:15     | Found a stormy altar of Qazlal.
 29412 | D:15     | Found a bloodstained altar of Trog.
 29421 | D:15     | Found a shadowy altar of Dithmenos.
 29842 | D:15     | Found a staircase to the Depths.
 30934 | D:15     | Paralysed by a hornet for 3 turns
 30940 | D:15     | Reached skill level 5 in Shields
 31193 | D:15     | Gained mutation: You are mostly covered in sharp spines.
                  | [demonic ancestry]
 31193 | D:15     | Reached XP level 16. HP: 118/131 MP: 17/27
 31399 | D:14     | HP: 1/131 [ettin/+0 dire flail (26)]
 31399 | D:14     | Demolished by an ettin

Skill      XL: |  1  2  3  4  5  6  7  8  9 10 11 12 13 14 15 |
---------------+----------------------------------------------+-----
Dodging        | 1 2 3 |  3.1
Fighting       | 3 4 5 6 7 8 9 10 11 12 13 | 13.4
Armour         | 1 2 3 5 6 7 8 9 10 11 | 11.7
Invocations    | 1 2 3 4 6 7 9 11 12 13 14 15 | 15.0
Unarmed Combat | 1 2 4 5 7 9 11 12 13 14 15 | 15.9
Shields        | 5 |  5.8
Short Blades   | |  1.7
Throwing       | |  1.7
Stealth        | |  3.6

Action                   |  1- 3 |  4- 6 |  7- 9 | 10-12 | 13-15 | 16-18 || total
-------------------------+-------+-------+-------+-------+-------+-------++-------
Melee: Dagger            |   110 |   102 |       |       |       |       ||   212
       Kick              |       |    17 |    70 |       |   498 |     9 ||   594
       Unarmed           |       |     6 |   284 |   612 |  1328 |    40 ||  2270
       Headbutt          |       |     2 |    22 |       |       |       ||    24
       Punch             |       |       |     3 |    27 |    83 |     3 ||   116
 Fire: Blowgun           |       |       |     5 |       |       |       ||     5
Throw: Stone             |     2 |       |     4 |       |       |       ||     6
Invok: Greater Servant o |       |       |       |       |     2 |       ||     2
       Major Destruction |       |       |       |       |     1 |       ||     1
Evoke: Wand              |       |       |     3 |    17 |    12 |       ||    32
  Use: Scroll            |     3 |     4 |     7 |    12 |    15 |     1 ||    42
       Potion            |       |     3 |       |     2 |    11 |       ||    16
 Stab: Sleeping          |     4 |     7 |    14 |    25 |       |       ||    50
       Invisible         |       |     1 |       |       |       |       ||     1
       Distracted        |       |       |     1 |     3 |     4 |       ||     8
       Confused          |       |       |       |       |     1 |       ||     1
  Eat: Chunk             |     2 |     6 |    10 |    21 |    24 |     1 ||    64
       Ration            |       |     1 |     1 |     2 |     7 |       ||    11
Armor: Robe              |    10 |       |       |       |       |       ||    10
       Ring mail         |    15 |    35 |    72 |    45 |       |       ||   167
       Chain mail        |       |       |       |   140 |       |       ||   140
       Plate armour      |       |       |       |   128 |   634 |    17 ||   779
Dodge: Dodged            |    56 |    48 |   155 |   274 |   650 |    17 ||  1200
